 Dungeon Crawl Stone Soup version 0.29-a0-338-g1ff7896281 (webtiles) character file.

Game seed: 5259864821435338139

908 spaghetti the Caller (level 7, 0/53 HPs)
             Began as a Demonspawn Summoner on Apr 18, 2022.
             Slain by an ice beast (12 damage)
             ... on level 5 of the Dungeon.
             The game lasted 00:10:52 (6469 turns).

spaghetti the Caller (Demonspawn Summoner)          Turns: 6469, Time: 00:10:53

Health: 0/53       AC:  2    Str:  8    XL:     7   Next: 81%
Magic:  16/22      EV: 12    Int: 19    God:
Gold:   194        SH:  7    Dex: 13    Spells: 4/14 levels left

rFire   . . .      SeeInvis .   q - +2 whip (venom) {mace}
rCold   . . .      Faith    .   s - +0 buckler
rNeg    . . .      Spirit   .   a - +0 robe
rPois   .          Reflect  .   (no helmet)
rElec   .          Harm     .   (no cloak)
rCorr   .          Rampage  .   (no gloves)
Will    +....                   (no boots)
Stlth   ++........              (no amulet)
HPRegen 0.17/turn               t - ring of willpower
MPRegen 0.18/turn               k - ring of magical power

@: no status effects
A: demonic guardian 2, sturdy frame 1, large bone plates 1
a: no special abilities


You were on level 5 of the Dungeon.
You visited 1 branch of the dungeon, and saw 5 of its levels.

You collected 194 gold pieces.


Innate Abilities, Weirdness & Mutations

A demonic guardian rushes to your aid.
Your movements are slightly less encumbered by armour. (ER -2)
You are partially covered in large bone plates. (SH +4)


   Skills:
 + Level 3.6 Fighting
 + Level 3.9 Dodging
 - Level 1.8 Stealth
 + Level 4.0 Spellcasting
 * Level 6.9 Summonings
 + Level 1.0 Air Magic


You had 4 spell levels left.
You knew the following spells:

 Your Spells              Type           Power      Damage    Failure   Level
a - Summon Small Mammal   Summ           100%       N/A       1%          1
b - Call Imp              Summ           30%        N/A       1%          2
c - Call Canine Familiar  Summ           30%        N/A       3%          3
d - Summon Lightning Spi  Summ/Air       18%        N/A       36%         4

Your spell library contained the following spells:

 Spells                   Type           Power      Damage    Failure   Level
 Summon Guardian Golem    Hex/Summ       16%        N/A       14%         3
 Sublimation of Blood     Necr           3%         N/A       28%         2
 Mephitic Cloud           Conj/Pois/Air  5%         N/A       43%         3
 Ignite Poison            Fire/Tmut/Pois 3%         N/A       50%         3
 Inner Flame              Hex/Fire       3%         N/A       50%         3
 Cause Fear               Hex            1%         N/A       88%         4
 Petrify                  Tmut/Erth      3%         N/A       88%         4
 Freezing Cloud           Conj/Ice/Air   2%         6-21      99%         5
 Irradiate                Conj/Tmut      1%         3d13      99%         5
 Discord                  Hex            1%         N/A       100%        8

Inventory:

Hand Weapons
 g - a +0 club {mace}
   (You took it off a kobold on level 1 of the Dungeon)
 h - a +0 whip {mace}
   (You found it on level 1 of the Dungeon)
 q - a +2 whip of venom (weapon) {mace}
   (You found it on level 2 of the Dungeon)
Missiles
 j - 78 stones (quivered) {throwing}
 u - 6 poisoned darts {throwing}
 y - a throwing net {=f!fthrowing}
Armour
 a - a +0 robe (worn)
 s - a +0 buckler (worn)
   (You found it on level 2 of the Dungeon)
Magical Staves
 m - a staff of conjuration {!a@e2staff}
   (You found it on level 1 of the Dungeon)
 z - a staff of cold {!astaff}
   (You found it on level 3 of the Dungeon)
 A - a staff of death {!astaff}
   (You found it on level 3 of the Dungeon)
Jewellery
 k - a ring of magical power (right hand)
   (You found it on level 1 of the Dungeon)
 t - a ring of willpower (left hand)
   (You found it on level 3 of the Dungeon)
Scrolls
 f - a scroll of enchant weapon {unknown}
 i - 3 scrolls of enchant armour {unknown}
 l - a scroll of blinking {unknown}
 p - a scroll of vulnerability {unknown}
 w - 3 scrolls of identify {unknown}
 B - a scroll of teleportation {unknown}
 D - a scroll of noise {unknown}
 E - a scroll of immolation {unknown}
Potions
 b - 2 potions of magic
 c - a potion of might {unknown}
 d - a potion of mutation {!q}
 e - a potion of haste {@q3}
 n - 3 potions of curing {@q1}
 o - a potion of ambrosia {unknown}
 r - a potion of degeneration {unknown}
 v - 2 potions of heal wounds {unknown}
 x - a potion of resistance
 C - a potion of berserk rage {unknown}
 F - a potion of invisibility {unknown}
 G - a potion of brilliance {unknown}

Dungeon Overview and Level Annotations

Branches:
Dungeon (5/15)
 Temple: D:4-7

Altars:
Okawaru

#..# #..# #..#
#..## #...
...####..#
......hb.# #Y.#
##@.# #...#
#5..# #...#
#####...####)#
......>.......#
######.#.####.#
#.#.# #.#.#


You could see an ice beast (ally target), a friendly hound (summoned), a
friendly shadow imp (summoned) and a friendly bat (summoned).


Message History

😮 HP[+18] MP[+20]
You regained 18 hp, and now have 37/53 hp.
Your mp is fully restored (22).
You swap places.
Items here: )) [ †.
Items here: ))) ††.
Key pressed, stopping explore.
Key pressed, stopping explore.
Things that are here:
a +0 club {mace}; a gnoll skeleton; 😎 HP[+16]
Your hp is fully restored (53).
Found a stone staircase leading down.
G - a bubbling black potion An ice beast comes into view.
An ice beast is nearby!
An ice beast is nearby!
Casting: Call Imp (safe; 1% risk of failure)
Confirm with . or Enter, or press ? or * to list all spells.
The spell is quite dangerous to miscast (36% risk of failure)!
Continue anyway?
Okay, then.
Casting: Summon Lightning Spire (quite dangerous; 36% risk of failure)
Confirm with . or Enter, or press ? or * to list all spells.
A beastly little devil appears in a puff of flame. 😎 MP[-2]
You lost 2 mp, and now have 20/22 mp.
Casting: Call Imp (safe; 1% risk of failure)
Confirm with . or Enter, or press ? or * to list all spells.
The ice beast closely misses you. 😎 MP[-1]
You lost 1 mp, and now have 19/22 mp.
You hit the ice beast but do no damage. You block the ice beast's attack.
The ice beast hits you. The ice beast freezes you! 😮 HP[-17]
You take 17 damage, and now have 36/53 hp.
MASSIVE DAMAGE!! (PAUSE)
You swap places.
Your hound bites the ice beast but does no damage.
Your bat closely misses the ice beast.
Your crimson imp hits the ice beast but does no damage.
Your hound barely misses the ice beast.
The ice beast hits your crimson imp. The ice beast freezes your crimson imp!
Your crimson imp is frozen!
What are your orders? t - Shout!
Orders for allies: a - Attack new target. r - Retreat! s - Stop attacking. g - Guard the area. f - Follow me.
Anything else - Cancel.
Gang up on whom?
Press: ? - help, Dir - move target, f - ice beast
Aim: an ice beast (ally target) Attack!
Your bat closely misses the ice beast. x2
Your hound bites the ice beast but does no damage.
Your crimson imp hits the ice beast but does no damage.
The ice beast closely misses your crimson imp. 😮 MP[+1]
Your bat hits the ice beast but does no damage.
Your hound closely misses the ice beast.
Your crimson imp hits the ice beast but does no damage.
Your hound barely misses the ice beast.
The ice beast barely misses your crimson imp.
Your hound bites the ice beast but does no damage.
Your crimson imp hits the ice beast but does no damage.
The ice beast hits your crimson imp but does no damage.
Your bat closely misses the ice beast.
Your hound bites the ice beast but does no damage.
Your crimson imp hits the ice beast.
Your hound closely misses the ice beast.
The ice beast hits your crimson imp. The ice beast freezes your crimson imp!
Your crimson imp is frozen!
Your crimson imp dies!
Your crimson imp disappears in a puff of smoke! 😮 HP[+1]
Your bat barely misses the ice beast.
Your hound bites the ice beast.
You hit the ice beast but do no damage.
Your hound disappears in a puff of smoke!
Your bat closely misses the ice beast.
The ice beast hits you but does no damage.
Casting: Summon Small Mammal (safe; 1% risk of failure)
Confirm with . or Enter, or press ? or * to list all spells.
Your bat hits the ice beast but does no damage.
The ice beast hits you.
The ice beast freezes you! 😮 HP[-8] MP[-2]
You take 8 damage, and now have 29/53 hp.
You lost 2 mp, and now have 18/22 mp.
Casting: Call Canine Familiar (dangerous; 3% risk of failure)
Confirm with . or Enter, or press ? or * to list all spells.
A shadowy apparition takes form in the air.
Your bat barely misses the ice beast. x2; Your bat hits the ice beast.
Your hound bites the ice beast but does no damage.
The ice beast hits you. The ice beast freezes you!
* * * LOW HITPOINT WARNING * * *
😨 HP[-15] MP[-2]
You take 15 damage, and now have 14/53 hp.
MASSIVE DAMAGE!! (PAUSE)
You lost 2 mp, and now have 16/22 mp.
The ice beast attacks as you move away! The ice beast hits you.
* * * LOW HITPOINT WARNING * * *
The ice beast freezes you!
You die...

Skill      XL: |  1  2  3  4  5  6  7 |
---------------+----------------------+-----
Dodging        | 2 3 |  3.9
Fighting       | 1 3 |  3.6
Summonings     | 5 6 |  6.9
Spellcasting   | 3 4 |  4.0
Air Magic      | 1 |  1.0
Stealth        | |  1.8

Action                   |  1- 3 |  4- 6 |  7- 9 || total
-------------------------+-------+-------+-------++-------
Melee: Whip              |    22 |    40 |    11 ||    73
       Unarmed           |     4 |       |       ||     4
       Staff             |    15 |       |       ||    15
Throw: Stone             |     2 |       |       ||     2
 Cast: Summon Small Mamm |    47 |    21 |     8 ||    76
       Call Imp          |    16 |    13 |     7 ||    36
       Call Canine Famil |     7 |    15 |     6 ||    28
  Use: Potion            |       |     4 |       ||     4
Armor: Robe              |    12 |     5 |     1 ||    18
Dodge: Dodged            |    48 |    11 |     9 ||    68
Block: Buckler           |     1 |     9 |     7 ||    17

Levels and vault maps discovered:
D:1:      arrival_zaba_pyramid, layout_basic, hellmonk_ecumenical_altar_lost_god
D:2:      layout_basic, amcnicky_mini_pool_small
D:3:      layout_basic, lemuel_tele_altar, serial_glass, glass_columns_c,
          glass_columns_a, columned_hall_lemuel
D:4:      layout_gridville, uniq_blork_the_orc, uniq_pikel
D:5:      layout_basic, minmay_temple_entry_tees, minmay_misc_feat_five,
          hangedman_abyss_or_decor_jellyfish_corner, uniq_prince_ribbit1

Notes
Turn   | Place    | Note
-------+----------+-------------------------------------------
     0 | D:1      | spaghetti the Demonspawn Summoner began the quest for the
                  | Orb.
     0 | D:1      | Reached XP level 1. HP: 13/13 MP: 3/3
     0 | D:1      | magus.rc [v1.9.6]
   581 | D:1      | Gained mutation: A weak demonic guardian rushes to your
                  | aid. [demonic ancestry]
   581 | D:1      | Reached XP level 2. HP: 20/20 MP: 1/5
   586 | D:1      | Learned a level 2 spell: Call Imp
   689 | D:1      | Reached skill level 2 in Dodging
   713 | D:1      | Found a faded altar of an unknown god.
   734 | D:1      | You pick up a book of Hexes and begin reading...
   734 | D:1      | You add the spells Inner Flame, Cause Fear and Discord to
                  | your library.
  1195 | D:2      | Reached skill level 1 in Fighting
  1195 | D:2      | Gained mutation: Your movements are slightly less
                  | encumbered by armour. (ER -2) [demonic ancestry]
  1195 | D:2      | Reached XP level 3. HP: 13/26 MP: 2/6
  2110 | D:2      | Learned a level 3 spell: Call Canine Familiar
  2724 | D:3      | Reached XP level 4. HP: 31/32 MP: 0/7
  2841 | D:3      | You pick up a book of Alchemy and begin reading...
  2841 | D:3      | You add the spells Sublimation of Blood, Petrify and
                  | Irradiate to your library.
  3086 | D:3      | Found an iron altar of Okawaru.
  3804 | D:3      | Noticed a necrophage
  3813 | D:3      | Killed a necrophage
  3814 | D:3      | Reached skill level 5 in Summonings
  3814 | D:3      | Reached XP level 5. HP: 18/38 MP: 9/9
  4314 | D:3      | Reached skill level 2 in Fighting
  4337 | D:3      | HP: 9/38 [something/magic dart (7)]
  4338 | D:3      | Gained mutation: You are partially covered in large bone
                  | plates. (SH +4) [potion of mutation]
  4348 | D:3      | Reached skill level 3 in Spellcasting
  5219 | D:4      | Noticed a lemure
  5220 | D:4      | Noticed a lemure
  5221 | D:4      | Noticed Pikel
  5223 | D:4      | Noticed a lemure
  5224 | D:4      | Noticed a lemure
  5258 | D:4      | Killed a lemure
  5272 | D:4      | Killed a lemure
  5275 | D:4      | Killed a lemure
  5447 | D:4      | HP: 9/38 [Pikel/+1 whip of freezing (2)]
  5448 | D:4      | Killed a lemure
  5462 | D:4      | Killed Pikel
  5463 | D:4      | Reached skill level 3 in Fighting
  5463 | D:4      | Reached skill level 3 in Dodging
  5463 | D:4      | Reached skill level 6 in Summonings
  5463 | D:4      | Gained mutation: A demonic guardian rushes to your aid.
                  | [demonic ancestry]
  5463 | D:4      | Reached XP level 6. HP: 13/47 MP: 6/11
  5463 | D:4      | Reached XP level 7. HP: 15/52 MP: 6/12
  5686 | D:3      | Learned a level 4 spell: Summon Lightning Spire
  5705 | D:4      | You add the spells Ignite Poison, Mephitic Cloud and
                  | Freezing Cloud to your library.
  6104 | D:4      | Noticed Blork the orc
  6109 | D:4      | Killed Blork the orc
  6182 | D:5      | Entered Level 5 of the Dungeon
  6224 | D:5      | Reached skill level 4 in Spellcasting
  6224 | D:5      | Reached skill level 1 in Air Magic
  6469 | D:5      | HP: 12/53 [ice beast (2)]
  6469 | D:5      | Slain by an ice beast

Vanquished Creatures
  A lemure (D:4)
  A scorpion (D:4)
  A gnoll (D:5)
  An adder (D:3)
  A dart slug (D:4)
  An orc (D:3)
  A bat (D:1)
  2 endoplasms
  3 giant cockroaches
  2 hobgoblins
  A ball python (D:2)
  2 frilled lizards (D:3)
  2 kobolds
  A rat (D:1)
20 creatures vanquished.

Vanquished Creatures (collateral kills)
  Pikel (D:4)
  3 lemures (D:4)
  Blork the orc (D:4)
  A necrophage (D:3)
  A gnoll shaman (D:5)
  3 orc wizards (D:3)
  7 gnolls
  A worm (D:2)
  3 orcs
  3 ball pythons (D:4)
  6 endoplasms
  A giant cockroach (D:1)
  2 goblins (D:2)
  4 hobgoblins
  2 quokkas
  3 bats
  5 frilled lizards
  4 kobolds
  4 rats
55 creatures vanquished.

Grand Total: 75 creatures vanquished

Table legend:
 A = Non-vault XP
 B = Vault XP
 C = Vault XP percentage of total XP
 D = Non-vault monster count
 E = Vault monster count
 F = Vault count percentage of total count
                 A         B        C        D         E       F
            +---------+---------+-------+---------+---------+-------
      Total |     545 |     753 |  58.0 |      69 |       2 |   2.8
            +---------+---------+-------+---------+---------+-------
        D:1 |      37 |       0 |   0.0 |      17 |       0 |   0.0
        D:2 |      59 |       0 |   0.0 |      18 |       0 |   0.0
        D:3 |     233 |       0 |   0.0 |      19 |       0 |   0.0
        D:4 |     104 |     753 |  87.9 |       9 |       2 |  18.2
        D:5 |     112 |       0 |   0.0 |       6 |       0 |   0.0
            +---------+---------+-------+---------+---------+-------

Illustrated notes

Table legend:
 A = Kills in this place as a percentage of kills in entire the game.
 B = Kills by you in this place as a percentage of kills by you in the entire game.
 C = Kills by friends in this place as a percentage of kills by friends in the entire game.
 D = Other kills in this place as a percentage of other kills in the entire game.
 E = Experience gained in this place as a percentage of experience gained in the entire game.
 F = Experience gained in this place divided by the number of levels of this place that you have seen.
                   A       B       C       D       E      F
               +-------+-------+-------+-------+-------+----------------------
         Total | 100.0 | 100.0 | 100.0 |   N/A | 100.0 | 259.6
       Dungeon | 100.0 | 100.0 | 100.0 |   N/A | 100.0 | 259.6
               +-------+-------+-------+-------+-------+----------------------

Table legend: (Time is in decaauts)
 A = Elapsed time spent in this place.
 B = Non-inter-level travel time spent in this place.
 C = Inter-level travel time spent in this place.
 D = Time resting spent in this place.
 E = Time spent auto-exploring this place.
 F = Levels seen in this place.
 G = Mean time per level.
                   A        B        C        D        E       F      G
               +--------+--------+--------+--------+--------+-----+--------+
         Total |   6461 |   6360 |    101 |   1111 |   4453 |   5 | 1292.2 |
       Dungeon |   6461 |   6360 |    101 |   1111 |   4453 |   5 | 1292.2 |
               +--------+--------+--------+--------+--------+-----+--------+

Top non-repeatable levels by time:
     D:3: 2287 daAuts
     D:2: 1532 daAuts
     D:1: 1181 daAuts
     D:4: 1171 daAuts
     D:5: 287 daAuts
